 Dungeon Crawl Stone Soup version 0.22.1-1-ga44c0e5 (webtiles) character file.

175 sbiou the Grave Robber (level 5, -2/37 HPs)
             Began as a Human Necromancer on Oct 17, 2018.
             Was a Follower of Uskayaw.
             Slain by Eustachio
             ... wielding a +0 rapier
              (3 damage)
             ... on level 6 of the Dungeon on Oct 18, 2018.
             The game lasted 00:20:44 (3262 turns).

sbiou the Grave Robber (Human Necromancer)          Turns: 3262, Time: 00:20:44

Health: -2/37      AC:  7    Str:  8      XL:     5   Next: 85%
Magic:  9/9        EV: 10    Int: 15      God:    Uskayaw [*.....]
Gold:   169        SH:  0    Dex: 14 (15) Spells: 8/10 levels left

rFire    . . .     SeeInvis +   g - +0 battleaxe
rCold    . . .     Gourm    .   (shield currently unavailable)
rNeg     . . .     Faith    .   d - +0 ring mail
rPois    +         Spirit   .   (no helmet)
rElec    .         Reflect  .   (no cloak)
rCorr    .         Harm     .   (no gloves)
MR       .....                  (no boots)
Stlth    +.........             m - amulet of regeneration
HPRegen  0.52/turn              (no ring)
MPRegen  0.11/turn              (no ring)

@: no status effects
A: iridescent scales 1, see invisible, poison resistance
a: Stomp, Renounce Religion


You were on level 6 of the Dungeon.
You worshipped Uskayaw.
Uskayaw was noncommittal.
You were very hungry.

You visited 1 branch of the dungeon, and saw 5 of its levels.

You collected 169 gold pieces.

Inventory:

Hand Weapons
 e - a +2 mace of crushing
 f - a +0 hunting sling
 g - a +0 battleaxe (weapon)
 h - a +0 falchion of freezing
Missiles
 b - 96 stones (quivered)
 l - 17 bolts
 q - 22 poisoned needles
Armour
 d - a +0 ring mail (worn)
Magical Staves
 o - an uncursed staff of fire
Jewellery
 m - an amulet of regeneration (around neck)
Scrolls
 a - 3 scrolls of identify
 j - 2 scrolls of enchant armour
 n - 3 scrolls of remove curse
 p - 2 scrolls of teleportation
Comestibles
 c - 9 rations


   Skills:
 + Level 1.4 Fighting
 + Level 2.3 Slings
 + Level 0.2(1.4) Throwing
 + Level 1.0 Armour
 + Level 2.1 Dodging
 + Level 2.1 Stealth
 + Level 3.0 Spellcasting
 + Level 4.7 Necromancy


You had 8 spell levels left.
You knew the following spells:

 Your Spells              Type           Power        Failure   Level  Hunger
a - Pain                  Necr           ###.         9%          1    #......
b - Animate Skeleton      Necr           N/A          9%          1    #......

Your spell library contained the following spells:

 Spells                   Type           Power        Failure   Level  Hunger
 Vampiric Draining        Necr           ###.......   26%         3    ###....
 Magic Dart               Conj           #...         52%         1    #......
 Regeneration             Chrm/Necr      #.........   56%         3    ###....
 Animate Dead             Necr           N/A          65%         4    #####..
 Blink                    Tloc           N/A          67%         2    ##.....
 Call Imp                 Summ           #.......     67%         2    ##.....
 Slow                     Hex            #.......     67%         2    ##.....
 Conjure Flame            Conj/Fire      #.......     88%         3    ###....
 Mephitic Cloud           Conj/Pois/Air  #.......     88%         3    ###....


Dungeon Overview and Level Annotations

Branches:
Dungeon (4/15)
 Temple: D:4-7

Altars:
Ashenzari
Cheibriados
Elyvilon
Fedhas
Ru
Trog
Uskayaw
Zin

Annotations:
D:6 Eustachio


Innate Abilities, Weirdness & Mutations

You are partially covered in iridescent scales. (AC +2)
You have supernaturally acute eyesight. (SInv)
Your system is resistant to poisons. (rPois)


Message History

Eustachio casts a spell.
You barely miss the ufetubus. You barely miss the phantom.
The ufetubus hits you but does no damage. x2
The phantom blinks!
The ufetubus barely misses you. x2
You can no longer pass through a line of other dancers.
You closely miss the ufetubus.
The ufetubus disappears in a puff of smoke!
The ufetubus closely misses you. The ufetubus hits you.
* * * LOW HITPOINT WARNING * * *
The ufetubus barely misses you. x2
You closely miss the ufetubus.
The ufetubus hits you but does no damage.
The ufetubus barely misses you.
Eustachio utters an oath, "I will die for my friends!"
The phantom blinks!
The ufetubus hits you but does no damage.
The ufetubus hits you.
* * * LOW HITPOINT WARNING * * *
Eustachio hits you with a rapier.
You die...

....# ....#
######### ....
#.......# ...
#$......# ..
.#.......##### .#
.............####
.#
#....§.@..r....###
.#
#......@5##.##...#
.#
..........r5...#
..# .#
(a.....(..#r5..# #
.#
#..W#.....#....#
.#
##......#..W...#
>##
##.#..(#....§..#
..##
.........##.....#
...#####.#.(.(# .
#...§.#


You could see Eustachio, a phantom, a worker ant (wandering), a quasit, a river
rat, a shadow imp, an ufetubus, a quokka and a rat.

Vanquished Creatures
  8 adders
  An ooze (D:2)
  3 worms
  A dart slug (D:1)
  6 leopard geckos
  3 orcs (D:3)
  6 bats
  6 giant cockroaches
  11 goblins
  7 hobgoblins
  5 jackals
  A quokka (D:4)
  5 frilled lizards
  10 kobolds
  7 rats
80 creatures vanquished.

Vanquished Creatures (others)
  A wizard (D:3)
1 creature vanquished.

Grand Total: 81 creatures vanquished

Notes
Turn   | Place    | Note
-------+----------+-------------------------------------------
     0 | D:1      | sbiou the Human Necromancer began the quest for the Orb.
     0 | D:1      | Reached XP level 1. HP: 13/13 MP: 3/3
   215 | D:1      | Reached XP level 2. HP: 16/19 MP: 3/5
   283 | D:1      | Gained mutation: You are partially covered in iridescent
                  | scales. (AC +2) [potion of mutation]
   283 | D:1      | Gained mutation: Your system is resistant to poisons.
                  | (rPois) [potion of mutation]
   283 | D:1      | Gained mutation: You have supernaturally acute eyesight.
                  | (SInv) [potion of mutation]
   639 | D:1      | Reached XP level 3. HP: 24/24 MP: 4/6
  1039 | D:2      | Learned a level 1 spell: Animate Skeleton
  1205 | D:2      | Found a shattered altar of Ashenzari.
  1217 | D:2      | Reached XP level 4. HP: 13/30 MP: 3/7
  1501 | D:2      | Reached skill level 1 in Armour
  1552 | D:2      | Reached skill level 1 in Slings
  1643 | D:2      | Found a snail-covered altar of Cheibriados.
  1650 | D:2      | Found a blossoming altar of Fedhas.
  1651 | D:2      | Found a sacrificial altar of Ru.
  1651 | D:2      | Found a glowing silver altar of Zin.
  1662 | D:2      | Found a white marble altar of Elyvilon.
  1666 | D:2      | Became a worshipper of Ru the Awakened
  1795 | D:2      | Reached XP level 5. HP: 33/36 MP: 3/9
  2072 | D:3      | Reached skill level 1 in Fighting
  2214 | D:3      | Found a faded altar of an unknown god.
  2219 | D:3      | Fell from the grace of Ru
  2225 | D:3      | Became a worshipper of Uskayaw the Reveler
  2225 | D:3      | Reached * piety under Uskayaw
  2322 | D:3      | Found a bloodstained altar of Trog.
  2323 | D:3      | Noticed a wizard
  2329 | D:3      | Killed a wizard
  2377 | D:3      | Reached ** piety under Uskayaw
  3153 | D:4      | You fall through a shaft for 2 floors!
  3171 | D:6      | Noticed Eustachio
  3211 | D:6      | Noticed a phantom
  3261 | D:6      | HP: 1/37 [ufetubus[Eustachio] (3)]
  3262 | D:6      | Slain by Eustachio

Skill      XL: |  1  2  3  4  5 |
---------------+----------------+-----
Armour         | 1 |  1.0
Slings         | 1 2 |  2.3
Spellcasting   | 3 |  3.0
Fighting       | 1 |  1.4
Throwing       | |  0.2
Dodging        | |  2.1
Stealth        | |  2.1
Necromancy     | |  4.7

Action                   |  1- 3 |  4- 6 || total
-------------------------+-------+-------++-------
Melee: Unarmed           |    30 |       ||    30
       Dagger            |     5 |       ||     5
       Club              |    43 |       ||    43
       Mace              |       |    22 ||    22
       Battleaxe         |       |    25 ||    25
       Falchion          |       |    21 ||    21
 Fire: Hunting sling     |    35 |   206 ||   241
Throw: Stone             |    22 |     9 ||    31
 Cast: Pain              |    43 |    15 ||    58
Invok: Renounce Religion |       |     1 ||     1
  Use: Potion            |     2 |     3 ||     5
       Scroll            |     3 |     7 ||    10
 Stab: Sleeping          |       |     1 ||     1
  Eat: Chunk             |     1 |     6 ||     7
Armor: Ring mail         |    37 |   125 ||   162
Dodge: Dodged            |    59 |   155 ||   214
       Rpst.: Falchion   |       |    11 ||    11
